 Dungeon Crawl Stone Soup version 0.28-a0-1002-gf00fe891ef (webtiles) character file.

Game seed: 14021562168287811290

3022 fragbeetle the Cleaver (level 9, -3/79 HPs)
             Began as a Minotaur Fighter on Dec 7, 2021.
             Was a Believer of the Shining One.
             Slain by a yak (14 damage)
             ... on level 7 of the Dungeon.
             The game lasted 00:17:45 (8213 turns).

fragbeetle the Cleaver (Minotaur Fighter)           Turns: 8213, Time: 00:17:45

Health: -3/79      AC:  9    Str: 21    XL:     9   Next: 55%
Magic:  8/8        EV:  9    Int:  9    God:    the Shining One [**....]
Gold:   392        SH:  6    Dex: 10    Spells: 8/8 levels left

rFire   . . .      SeeInvis .   a - +0 war axe
rCold   . . .      Faith    .   c - +1 buckler
rNeg    + . .      Spirit   .   b - +0 scale mail
rPois   .          Reflect  .   (helmet restricted)
rElec   .          Harm     .   z - +0 cloak
rCorr   +          Rampage  .   (no gloves)
Will    .....                   (no boots)
Stlth   ..........              h - amulet of the acrobat
HPRegen 0.23/turn               k - ring of resist corrosion
MPRegen 0.11/turn               (no ring)

@: glowing
A: horns 2, retaliatory headbutt
a: Renounce Religion, Divine Shield


You were on level 7 of the Dungeon.
You worshipped the Shining One.
The Shining One was pleased with you.
You visited 2 branches of the dungeon, and saw 9 of its levels.
You also visited: Sewer.

You collected 431 gold pieces.
You spent 39 gold pieces at shops.

Inventory:

Hand Weapons
 a - a +0 war axe (weapon)
 u - a +1 flail of distortion
Missiles
 l - 5 javelins (quivered)
 q - 2 throwing nets
 s - 3 boomerangs
Armour
 b - a +0 scale mail (worn)
 c - a +1 buckler (worn)
 v - a scarf of invisibility
 z - a +0 cloak (worn)
 C - a +0 pair of gloves
Jewellery
 d - the ring of Upsiatav {rC+ Str+3 Slay+2}
   (You took it off a centaur on level 7 of the Dungeon)

   [ring of protection from cold]

   Str:       It affects your strength (+3).
   Slay:      It affects your accuracy & damage with ranged weapons and melee
   (+2).
   rC:        It protects you from cold.
 h - an amulet of the acrobat (around neck)
 k - a ring of resist corrosion (left hand)
 o - a ring of flight
 w - an amulet of magic regeneration
Wands
 I - a wand of charming (9)
Scrolls
 e - 4 scrolls of teleportation
 f - a scroll of summoning {unknown}
 g - a scroll of fear {unknown}
 i - 2 scrolls of enchant armour
 j - 3 scrolls of blinking {unknown}
 n - a scroll of silence {unknown}
 r - 4 scrolls of identify {unknown}
 y - 2 scrolls of amnesia {unknown}
 E - 3 scrolls of fog {unknown}
 F - a scroll of enchant weapon {unknown}
 G - 2 scrolls of brand weapon {unknown}
 H - 3 scrolls of immolation {unknown}
 K - a scroll of magic mapping {unknown}
 L - a scroll of vulnerability {unknown}
 M - a scroll of acquirement {unknown}
Potions
 m - 3 potions of haste {unknown}
 p - 5 potions of curing
 t - 2 potions of attraction {unknown}
 x - a potion of heal wounds
 A - a potion of invisibility {unknown}
 B - a potion of lignification {unknown}
 D - 5 potions of flight
 J - a potion of degeneration {unknown}


   Skills:
 + Level 7.3 Fighting
 + Level 11.3 Axes
 + Level 8.8 Armour
 + Level 6.3 Shields


You had 8 spell levels left.
You didn't know any spells.
Your spell library contained the following spells:

 Spells                   Type           Power      Damage    Failure   Level
 Frozen Ramparts          Ice            0%         1d2       96%         3
 Gell's Gravitas          Tloc           0%         N/A       96%         3
 Ozocubu's Armour         Ice            0%         N/A       96%         3
 Teleport Other           Tloc           0%         N/A       96%         3
 Airstrike                Air            0%         N/A       100%        4
 Ice Form                 Ice/Tmut       0%         N/A       100%        4
 Summon Ice Beast         Ice/Summ       0%         N/A       100%        4
 Summon Lightning Spire   Summ/Air       0%         N/A       100%        4
 Lightning Bolt           Conj/Air       0%         1d11      100%        5
 Metabolic Englaciation   Hex/Ice        0%         N/A       100%        5
 Dispersal                Tloc           0%         N/A       100%        6
 Simulacrum               Ice/Necr       0%         N/A       100%        6


Dungeon Overview and Level Annotations

Branches:
Dungeon (8/15)             Temple (1/1) D:5           Sewer (visited)
   Lair: D:8-11

Altars:
Cheibriados
Dithmenos
Fedhas
Gozag
Qazlal
Ru
Trog
Uskayaw
Zin
The Shining One

Shops:
D:3 *

Portals:
Abyss: D:5

Annotations:
D:5 2 transporters, lessens's ghost, novice MiAK


Innate Abilities, Weirdness & Mutations

You have a pair of horns on your head.
You reflexively headbutt those who attack you in melee.


Message History

You hit the bullfrog.
The bullfrog is lightly wounded.
You slash the yak!
You kill the yak!
You barely miss the yak.
The bullfrog hits you but does no damage.
The yak barely misses you.
The bullfrog hits you but does no damage.
Your Axes skill increases to level 11!
You hit the bullfrog.
The bullfrog is moderately wounded.
You hit the yak but do no damage. The yak gores you.
The bullfrog hits you but does no damage.
You slice the bullfrog!!
You kill the bullfrog!
You hit the yak. The yak gores you!
You hit the yak.
You kill the yak!
You see here a yak corpse.
There is a stone staircase leading down, spattered with blood here.
You climb downwards.
The yak gores you but does no damage. The yak gores you.
There is a stone staircase leading up here.
You hit the yak.
The yak is lightly wounded.
You hit the yak but do no damage. The yak gores you but does no damage.
The yak gores you!
* * * LOW HITPOINT WARNING * * *
You block the yak's attack. The yak gores you!
* * * LOW HITPOINT WARNING * * *
You climb upwards.
There is a stone staircase leading down, spattered with blood here.
You barely miss the yak.
Your scale mail prevents you from hitting the yak.
The yak closely misses you. The yak gores you.
* * * LOW HITPOINT WARNING * * *
You slash the yak!
The yak is moderately wounded.
You barely miss the yak. The yak gores you but does no damage.
The yak gores you!
You die...

..........##.#...#...#.#
..........##.†#######'.#
...........#....# #....#
#.....(..#...########..#
......................##
.................######
.................#
................†#
...............Y@#
#...............Y#
##...............#
#################


You could see 2 yaks.

Vanquished Creatures
  A wraith (D:6)
  2 yaks (D:7)
  A steam dragon (D:6)
  Duvessa (D:6)
  2 ice beasts
  An orc warrior (D:6)
  2 black bears
  An ogre (D:7)
  3 centaurs (D:7)
  A phantom (D:4)
  2 bullfrogs
  A scorpion (D:6)
  A water moccasin zombie (D:5)
  Dowan (D:6)
  6 killer bees
  2 howler monkeys
  A centaur zombie (D:3)
  A jelly (D:7)
  A bullfrog skeleton (D:4)
  4 hounds
  A centaur skeleton (D:5)
  A gnoll shaman (D:3)
  An iron imp (D:6)
  Crazy Yiuf (D:4)
  5 iguanas
  Ijyb (D:5)
  4 orc wizards
  A howler monkey zombie (D:5)
  5 gnolls (D:3)
  4 adders
  3 shadow imps
  2 white imps (D:6)
  An ufetubus (D:6)
  4 worms
  3 dart slugs
  12 orcs
  17 ball pythons
  6 endoplasms
  9 giant cockroaches
  9 goblins
  9 hobgoblins
  4 jackals (Sewer)
  10 kobolds
  6 quokkas
  21 bats
  3 frilled lizards
  4 rats
182 creatures vanquished.

Vanquished Creatures (others)
  10 plants
10 creatures vanquished.

Grand Total: 192 creatures vanquished

Notes
Turn   | Place    | Note
-------+----------+-------------------------------------------
     0 | D:1      | fragbeetle the Minotaur Fighter began the quest for the
                  | Orb.
     0 | D:1      | Reached XP level 1. HP: 19/19 MP: 0/0
   133 | D:1      | Reached XP level 2. HP: 26/27 MP: 1/1
   756 | D:1      | Reached skill level 3 in Axes
   756 | D:1      | Reached XP level 3. HP: 33/33 MP: 2/2
  1272 | D:2      | Found a faded altar of an unknown god.
  1813 | D:3      | Reached XP level 4. HP: 32/40 MP: 3/3
  1817 | D:3      | Reached skill level 4 in Axes
  2091 | D:3      | Reached XP level 5. HP: 30/47 MP: 4/4
  2550 | D:3      | Reached skill level 5 in Armour
  2584 | D:3      | Reached skill level 5 in Axes
  2589 | D:3      | Found Uschutin's General Store.
  2590 | D:3      | Noticed a black bear
  2598 | D:3      | Killed a black bear
  2599 | D:3      | Reached XP level 6. HP: 37/53 MP: 5/5
  2607 | D:3      | Bought a potion of curing for 39 gold pieces
  3215 | D:4      | Found a glowing silver altar of Zin.
  3215 | D:4      | Found a stormy altar of Qazlal.
  3253 | D:4      | Reached skill level 6 in Axes
  3536 | D:4      | Reached XP level 7. HP: 60/60 MP: 6/6
  3648 | D:4      | Found a runed translucent door.
  3649 | D:4      | Noticed Crazy Yiuf
  3849 | D:4      | Found a glowing golden altar of the Shining One.
  3854 | D:4      | Became a worshipper of the Shining One
  4019 | D:4      | Killed Crazy Yiuf
  4020 | D:4      | Reached skill level 5 in Fighting
  4250 | D:5      | Entered Level 5 of the Dungeon
  4284 | D:5      | Noticed an ancient zyme
  4295 | D:5      | Found a transporter.
  4304 | D:5      | Found a one-way gate to the infinite horrors of the Abyss.
  4304 | D:5      | Noticed lessens's ghost (novice MiAK)
  4424 | D:5      | Reached skill level 7 in Axes
  4510 | D:5      | Found a blossoming altar of Fedhas.
  4556 | D:5      | Reached skill level 5 in Shields
  4611 | D:5      | Found a staircase to the Ecumenical Temple.
  4646 | D:5      | Found a glowing drain.
  4671 | Sewer    | Entered a sewer
  4763 | Sewer    | Reached * piety under the Shining One
  4849 | Sewer    | Reached XP level 8. HP: 69/69 MP: 7/7
  5088 | D:5      | Reached skill level 8 in Axes
  5163 | D:5      | Found a transporter.
  5387 | D:5      | Noticed Ijyb
  5395 | D:5      | Killed Ijyb
  5497 | Temple   | Entered the Ecumenical Temple
  5771 | D:6      | Found a hide-covered altar of Uskayaw.
  5928 | D:6      | Reached skill level 9 in Axes
  6116 | D:6      | Noticed Dowan
  6117 | D:6      | Noticed Duvessa
  6123 | D:6      | Killed Duvessa
  6124 | D:6      | Killed Dowan
  6473 | D:6      | Found a snail-covered altar of Cheibriados.
  6570 | D:6      | Found a shadowy altar of Dithmenos.
  7157 | D:7      | Reached skill level 10 in Axes
  7171 | D:7      | Reached XP level 9. HP: 78/78 MP: 8/8
  7336 | D:7      | Identified the ring of Upsiatav {rC+ Str+3 Slay+2}
  7584 | D:7      | Found a sacrificial altar of Ru.
  8005 | D:7      | Found an opulent altar of Gozag.
  8104 | D:7      | Found a bloodstained altar of Trog.
  8182 | D:8      | Reached ** piety under the Shining One
  8202 | D:7      | Reached skill level 11 in Axes
  8213 | D:7      | Slain by a yak

Illustrated notes

Levels and vault maps discovered:
D:1:      dpeg_arrival_erosion, layout_loops_ring, minmay_split_cup_large
D:2:      layout_rooms, serial_corexii_hall, corexii_hall_statues_x,
          chequers_hall_statues_corner_a, chequers_hall_statues_wall_a,
          corexii_hall_statues_x, chequers_hall_statues_corner_a,
          chequers_hall_statues_corner_a, shapermc_ecumenical_altar_flowoftime,
          hex_large, minivault_11, chequers_serial_rivers_micro_b, st_stairs_4
D:3:      layout_basic, serial_shops, shop, nicolae_grassy_gnolls
D:4:      layout_cave_pools, grunt_qazlal_clouds, lemuel_crystal_altar,
          nicolae_tso_swordbearing_angel, kennysheep_doodads, st_stairs_6,
          kennysheep_generic_room_4, uniq_crazy_yiuf_cottage
D:5:      layout_loops_corners, mainiacjoe_overflow_cross_hatched,
          minmay_temple_entry_gardened_gates, gup_sewer_entry_glass,
          gammafunk_ghost_abyssal_escape, uniq_ijyb
D:6:      layout_layer_cave, nicolae_uskayaw_murder_on_the_dancefloor,
          nicolae_dithmenos_through_a_glass_darkly, chei_slow_surprise,
          uniq_duvessa
D:7:      layout_rooms, nicolae_ru_great_annihilating_truth, old_standard_altar,
          kennysheep_mini_moat
D:8:      layout_cave_pools, david_lair_generic, serial_gnoll_camp,
          gnoll_camp_mini_shop, gnoll_camp_mini_shop, gnoll_camp_mini_shop,
          gnoll_camp_mini_hut, special_room [special_room_orc],
          serial_bayou_pond_b, uniq_harold, uniq_psyche
Temple:   jpeg_temple_clearing

Skill      XL: |  1  2  3  4  5  6  7  8  9 |
---------------+----------------------------+-----
Armour         | 4 5 6 8 |  8.8
Axes           | 3 4 5 6 7 10 11 | 11.3
Fighting       | 4 5 6 7 |  7.3
Shields        | 4 5 6 |  6.3

Action                   |  1- 3 |  4- 6 |  7- 9 || total
-------------------------+-------+-------+-------++-------
Melee: War axe           |    79 |   113 |   207 ||   399
       Headbutt          |    13 |    18 |    32 ||    63
Throw: Javelin           |       |     1 |       ||     1
  Use: Scroll            |       |     1 |     1 ||     2
       Potion            |       |       |     3 ||     3
Armor: Scale mail        |    39 |    47 |    86 ||   172
Dodge: Dodged            |    50 |    73 |   148 ||   271
Block: Buckler           |    16 |    37 |    83 ||   136

Table legend: (Time is in decaauts)
 A = Elapsed time spent in this place.
 B = Non-inter-level travel time spent in this place.
 C = Inter-level travel time spent in this place.
 D = Time resting spent in this place.
 E = Time spent auto-exploring this place.
 F = Levels seen in this place.
 G = Mean time per level.
                   A        B        C        D        E       F      G
               +--------+--------+--------+--------+--------+-----+--------+
         Total |   8291 |   8160 |    131 |    891 |   5151 |  10 |  829.1 |
       Dungeon |   7874 |   7743 |    131 |    891 |   4951 |   8 |  984.2 |
        Temple |      1 |      1 |      0 |      0 |      0 |   1 |    1.0 |
         Sewer |    415 |    415 |      0 |      0 |    200 |   1 |  415.0 |
               +--------+--------+--------+--------+--------+-----+--------+

Top non-repeatable levels by time:
     D:6: 1669 daAuts
     D:3: 1175 daAuts
     D:2: 1149 daAuts
     D:4: 1108 daAuts
     D:5: 1059 daAuts
     D:1: 875 daAuts
     D:7: 813 daAuts
   Sewer: 415 daAuts
     D:8: 22 daAuts
  Temple: 1 daAuts
